 Dungeon Crawl Stone Soup version 0.17-b1-25-g6d8775f (webtiles) character file.

100 M4edhros the Sneak (level 4, 0/28 HPs)
             Began as an Octopode Artificer on Nov 5, 2015.
             Slain by a centaur skeleton (5 damage)
             ... on level 5 of the Dungeon.
             The game lasted 00:01:45 (1023 turns).

M4edhros the Sneak (Octopode Artificer)             Turns: 1023, Time: 00:01:45

Health: 0/28       AC:  1    Str: 10    XL:     4   Next: 73%
Magic:  7/7        EV: 12    Int: 14    God:
Gold:   63         SH:  0    Dex: 13    Spells: 0 memorised, 3 levels left

rFire  . . .     SeeInvis .     a - +0 short sword
rCold  . . .     Clarity  .     (no shield)
rNeg   . . .     SustAt   .     (helmet restricted)
rPois  .         Gourm    .     (no amulet)
rElec  .         Spirit   .     (no ring)
rCorr  .         Warding  .     (no ring)
rMut   .         Stasis   .     (no ring)
MR     .....                    (no ring)
Stlth  ++++......               (no ring)
                                (no ring)
                                (no ring)
                                (no ring)

@: not resistant to hostile enchantments, stealthy
A: almost no armour, amphibious, 8 rings, constrict 8, camouflage 1, gelatinous
body 1
a: no special abilities


You were on level 5 of the Dungeon.
You were not hungry.

You visited 1 branch of the dungeon, and saw 5 of its levels.

You collected 63 gold pieces.

Inventory:

Hand Weapons
 a - a +0 short sword (weapon)
Wands
 b - a wand of flame (11)
 c - a wand of enslavement (13)
 d - a wand of random effects (15)
 i - a wand of random effects (33)
Scrolls
 f - a scroll of identify {unknown}
 h - a scroll of fog {unknown}
 j - a scroll of noise {unknown}
 k - a scroll of remove curse {unknown}
 n - a scroll of blinking {unknown}
Potions
 g - a potion of brilliance {unknown}
Comestibles
 e - 2 bread rations
 l - a meat ration
 m - 3 fruits


   Skills:
 - Level 1.0 Fighting
 - Level 1.0 Short Blades
 - Level 2.0 Dodging
 * Level 5.2 Stealth
 + Level 4.2 Evocations


You had 3 spell levels left.
You didn't know any spells.

Dungeon Overview and Level Annotations

Branches:
Dungeon (5/15)
 Temple: D:4-7

Altars:
Cheibriados


Innate Abilities, Weirdness & Mutations

You cannot wear most types of armour.
You are amphibious.
You can wear up to eight rings at the same time.
You can use your tentacles to constrict eight enemies at once.
Your skin changes colour to match your surroundings (Stealth).
Your rubbery body absorbs attacks (AC +1).


Message History

The helpless giant gecko fails to defend itself.
You puncture the giant gecko!
You kill the giant gecko!
The centaur skeleton hits you. x2
A centaur skeleton is nearby!
You hit the centaur skeleton. You squeeze the centaur skeleton.
The centaur skeleton closely misses you.
A centaur skeleton is nearby!
You hit the centaur skeleton. The centaur skeleton hits you.
You hit the centaur skeleton. The centaur skeleton hits you.
The centaur skeleton misses you.
You hit the centaur skeleton. The centaur skeleton hits you.
* * * LOW HITPOINT WARNING * * *
Evoke which item? (* to show all) (? for menu, Esc to quit)
Zapping:
b - a wand of flame (12)
Press: ? - help, Shift-Dir - straight line, f - centaur skeleton
Aim: a centaur skeleton The puff of flame hits the centaur skeleton.
This wand has 11 charges left.
The centaur skeleton hits you.
You die...

# .
########.#..
####..†...#....
.......@Z...#
####......###
#......#
#......###.#
###..........#
#....#..####..
#.#.#.<.#
...#.#.#.......
.. .... ...####


You could see a centaur skeleton.

Vanquished Creatures
  An ogre (D:4)
  A gnoll (D:2)
  2 adders (D:2)
  2 worms
  A giant gecko (D:5)
  4 bats
  4 goblins
  4 hobgoblins
  4 kobolds
  A ball python (D:1)
  3 giant cockroaches
  2 quokkas (D:2)
  3 rats (D:2)
32 creatures vanquished.

Vanquished Creatures (collateral kills)
  An orc wizard (D:4)
  3 orcs (D:4)
4 creatures vanquished.

Grand Total: 36 creatures vanquished

Notes
Turn   | Place    | Note
--------------------------------------------------------------
     0 | D:1      | M4edhros the Octopode Artificer began the quest for the Orb.
     0 | D:1      | Reached XP level 1. HP: 13/13 MP: 3/3
   166 | D:1      | Reached XP level 2. HP: 5/18 MP: 4/4
   496 | D:2      | Reached XP level 3. HP: 15/23 MP: 5/5
   578 | D:2      | Reached skill level 4 in Stealth
   805 | D:2      | Reached XP level 4. HP: 28/28 MP: 5/7
   848 | D:4      | Noticed an ogre
   876 | D:4      | an ogre (ally) was killed
   876 | D:4      | Reached skill level 5 in Stealth
   912 | D:4      | Found a snail-covered altar of Cheibriados.
  1011 | D:5      | Entered Level 5 of the Dungeon
  1023 | D:5      | Slain by a centaur skeleton

Action                   |  1- 3 |  4- 6 || total
-------------------------+-------+-------++-------
Melee: Short sword       |    50 |    13 ||    63
Evoke: Wand              |     2 |     4 ||     6
  Use: Potion            |     1 |       ||     1
 Stab: Sleeping          |     9 |     2 ||    11
